 Dungeon Crawl Stone Soup version 0.19-a0-1899-g2d93087 (webtiles) character file.

151987 KarmaPolice the Tortoise (level 18, -3/130 HPs)
             Began as a Halfling Hunter on Oct 16, 2016.
             Was an Initiate of Uskayaw.
             Succumbed to a nagaraja's bolt of poison
             ... on level 2 of the Snake Pit on Oct 19, 2016.
             The game lasted 05:04:02 (60487 turns).

KarmaPolice the Tortoise (Halfling Hunter)         Turns: 60487, Time: 05:04:03

Health: -3/130     AC: 31    Str: 21    XL:     18   Next: 19%
Magic:  25/27      EV: 13    Int:  6    God:    Uskayaw [......]
Gold:   345        SH: 11    Dex: 16    Spells: 2 memorised, 11 levels left

rFire  + . .     SeeInvis .     L - +3 short sword (drain)
rCold  + + .     Gourm    .     r - +8 chain mail of Apathy {rF+ rCorr}
rNeg   . . .     Faith    .     c - +0 buckler
rPois  .         Spirit   .     t - +2 hat
rElec  +         Reflect  +     b - +1 cloak {rC+}
rCorr  +         Harm     .     P - +0 pair of gloves (curse)
MR     ++++.                    z - +2 pair of boots of Relativism {MR+++ Int-3 Dex-5 Slay+3}
Stlth  +.........               C - amulet of the Bull {Reflect +Blink rElec SH+5}
                                i - +6 ring of strength
                                H - ring of protection from cold

@: lethally poisoned (-3 -> -83), constricted
A: mutation resistance 1
a: Renounce Religion, Evoke Blink


You were on level 2 of the Snake Pit.
You worshipped Uskayaw.
Uskayaw was pleased with you.
You were hungry.

You visited 7 branches of the dungeon, and saw 28 of its levels.
You also visited: Bailey and Ice Cave.

You collected 2464 gold pieces.
You spent 2119 gold pieces at shops.

Inventory:

Hand Weapons
 a - a +2 fustibalus of flaming
 G - a +0 blowgun
 L - a +3 short sword of draining (weapon)
 V - a +3 demon blade
Missiles
 d - 143 sling bullets
 g - 11 curare-tipped needles
Armour
 b - a +1 cloak of cold resistance (worn)
 c - a +0 buckler (worn)
 r - the +8 chain mail of Apathy (worn) {rF+ rCorr}
   (You found it on level 4 of the Lair of Beasts)

   It protects you from fire.
   It protects you from acid and corrosion.
 t - a +2 hat (worn)
 z - the +2 pair of boots of Relativism (worn) {MR+++ Int-3 Dex-5 Slay+3}
   (You bought it in a shop on level 14 of the Dungeon)

   It affects your intelligence (-3).
   It affects your dexterity (-5).
   It affects your accuracy and damage with ranged weapons and melee attacks
   (+3).
   It affects your resistance to hostile enchantments.
 P - a cursed +0 pair of gloves (worn)
 T - the +2 pair of boots of the Assassin {DetectMon Stab+ Stlth++}
   (You found it in an ice cave)

   It makes you much more stealthy.
 U - the +1 ring mail of the Good {+Fly Str+4 Dex+4 Slay+2}
   (You bought it in a shop on level 2 of the Orcish Mines)

   It affects your strength (+4).
   It affects your dexterity (+4).
   It affects your accuracy and damage with ranged weapons and melee attacks
   (+2).
   It lets you fly.
Jewellery
 i - a +6 ring of strength (right hand)
 C - the amulet of the Bull (around neck) {Reflect +Blink rElec SH+5}
   (You found it on level 6 of the Lair of Beasts)

   [amulet of reflection]

   It shields you and reflects attacks.
   It insulates you from electricity.
   It lets you blink.
   It affects your SH (+5).
 F - an uncursed ring of see invisible
 H - a ring of protection from cold (left hand)
Wands
 u - a wand of disintegration (3/24)
 v - a wand of digging (14/24)
 Q - a wand of iceblast (0/15)
Scrolls
 m - a scroll of brand weapon
 n - 15 scrolls of remove curse
 o - 8 scrolls of enchant weapon
 p - 3 scrolls of recharging
 s - 5 scrolls of teleportation
 y - a scroll of fear
 A - a scroll of blinking {unknown}
 B - a scroll of silence
 N - a scroll of holy word
 O - a scroll of acquirement {unknown}
 R - 4 scrolls of random uselessness {unknown}
 Y - 4 scrolls of enchant armour {unknown}
 Z - 2 scrolls of magic mapping {unknown}
Potions
 h - 3 potions of flight
 j - 4 potions of might
 k - a potion of cancellation {unknown}
 l - 2 potions of resistance
 q - 3 potions of agility
 w - a potion of haste
 D - a potion of invisibility
 I - 3 potions of berserk rage {unknown}
 M - 4 potions of cure mutation {unknown}
Miscellaneous
 e - a phial of floods
 S - a lamp of fire
 W - a fan of gales (quivered)
Comestibles
 f - 14 bread rations
 x - 34 fruits
 J - 12 meat rations
 K - 4 beef jerkies


   Skills:
 + Level 13.8 Fighting
 - Level 12.0(13.3) Short Blades
 + Level 8.5(10.6) Long Blades
 - Level 8.3(8.5) Slings
 - Level 1.7(4.0) Throwing
 + Level 15.2 Armour
 - Level 9.1 Dodging
 - Level 8.0 Stealth
 - Level 5.6 Shields
 + Level 12.8 Invocations
 - Level 10.0 Evocations


You had 11 spell levels left.
You knew the following spells:

 Your Spells              Type           Power        Failure   Level  Hunger
a - Confuse               Hex            #.......     100%        3    ####...
b - Tukima's Dance        Hex            #.......     100%        3    ####...


Dungeon Overview and Level Annotations

Branches:
Dungeon (15/15)            Temple (1/1) D:4            Lair (6/6) D:10
 Shoals (1/4) Lair:4        Snake (2/4) Lair:3        Slime (0/5) Lair:5
    Orc (2/2) D:10            Elf (1/3) Orc:2        Vaults (0/5) D:14
 Depths (0/5) D:15

Altars:
Cheibriados
Elyvilon
Gozag
Kikubaaqudgha
Qazlal
Ru
Sif Muna
Trog
Uskayaw
Xom
Yredelemnul
Zin

Shops:
D:8 [   D:14 *%**   Orc:1 }   Orc:2 =(*[   Snake:1 [


Innate Abilities, Weirdness & Mutations

You are small and have problems with some larger weapons.
You are somewhat resistant to further mutation.


Message History

You feel very sick.
The nagaraja mumbles some strange words.
The nagaraja constricts you.
The nagaraja's grasp on you weakens, but your attempt to escape fails.
* * * LOW HITPOINT WARNING * * *
You feel very sick.
The nagaraja hits you but does no damage.
The nagaraja constricts you.
You block the guardian serpent's attack.
The nagaraja gestures at you while chanting.
The bolt of poison hits you!
You are more poisoned.
* * * LOW HITPOINT WARNING * * *
The nagaraja constricts you. The guardian serpent hits you.
* * * LOW HITPOINT WARNING * * *
As you read the scroll of fear, it crumbles to dust.
You assume a fearsome visage.
The guardian serpent resists with some effort.
The nagaraja resists with almost no effort.
You die...

.....# .≈≈.........)..... .....##
≈≈.N.S...)........ ......#
....####.......... ......##
..###............. .......##
###...............
........########.....))..........
..................###'#..###.....
...............NS##...####.#.....
...#########....@#.##......#.....
...# #....[#.#.....###..... ...#
#.....#.......#....... ...#
#.....##......###..... ...#
#....).#......# #..... ...#
#....<##........#..... ...#
#....[#.....#...#..... ...#
#.....#...'#.#..#..... ...#
#.....###########.....


You could see a nagaraja and a guardian serpent.

Vanquished Creatures
  An Ice Fiend (IceCv)
  Gastronok (Orc:1)
  Kirke (D:15)
  Agnes (Snake:2)
  A nagaraja (Snake:2)
  Donald (Snake:2)
  An orc warlord (Orc:1)
  A stone giant (Orc:2)
  An ettin (D:15)
  9 hydras
  9 naga warriors
  Fannar (D:9)
  A merfolk aquamancer (Shoals:1)
  7 anacondas
  2 ogre magi
  3 catoblepae (Lair:6)
  2 centaur warriors (D:15)
  12 death yaks
  Urug (D:10)
  5 naga sharpshooters
  4 orc high priests
  Nergalle (D:10)
  A deep elf knight (D:15)
  4 shock serpents
  The ghost of Enish the Nimble, a novice TeAK of Lugonu (D:11)
  2 naga ritualists (Snake:1)
  2 sea snakes (Shoals:1)
  2 unseen horrors
  A deep troll (D:15)
  6 harpies
  4 hill giants
  A deep elf mage (D:12)
  8 orc knights
  7 orc sorcerers
  8 ugly things
  4 fauns (Shoals:1)
  2 cyclopes
  A manticore (Shoals:1)
  4 salamanders
  2 mana vipers (Snake:1)
  4 oklob plants
  A water nymph (Shoals:1)
  13 elephants
  Joseph (D:7)
  4 guardian serpents (Snake:2)
  2 ice statues
  21 black mambas
  2 sirens (Shoals:1)
  A torpor snail (Lair:1)
  4 naga magi
  4 centaur skeletons
  10 spiny frogs
  A yaktaur (D:14)
  3 kobold demonologists
  2 rime drakes
  5 freezing wraiths
  9 komodo dragons
  2 anaconda simulacra (IceCv)
  A tengu conjurer (D:15)
  6 ice devils (IceCv)
  A merfolk (Shoals:1)
  12 trolls
  3 wind drakes (Shoals:1)
  A hornet (D:13)
  7 two-headed ogres
  A golden dragon simulacrum (IceCv)
  Grinder (D:5)
  A polar bear (Lair:6)
  13 hippogriffs
  7 blink frogs
  7 slime creatures
  7 dream sheep
  2 centaur simulacra
  3 dire elephant simulacra (IceCv)
  A shadow (D:11)
  5 water elementals (Shoals:1)
  A wraith (D:12)
  A yak (shapeshifter) (D:15)
  50 yaks
  A vampire (D:12)
  3 wyverns
  4 basilisks
  2 hogs (D:15)
  A steam dragon (D:7)
  2 hungry ghosts
  A death yak simulacrum (IceCv)
  2 vampire mosquitoes (D:15)
  10 wargs
  3 harpy simulacra (IceCv)
  2 iron troll simulacra (IceCv)
  19 nagas
  A soldier ant (D:15)
  10 water moccasins
  A hydra simulacrum (IceCv)
  7 porcupines
  44 orc warriors
  8 sky beasts
  A necrophage (D:12)
  A black bear (D:12)
  A hornet zombie (D:8)
  5 ice beasts
  18 ogres
  26 wolves
  An ettin simulacrum (IceCv)
  An eye of draining (D:12)
  5 phantoms
  A centaur (shapeshifter) (D:11)
  13 centaurs
  12 crocodiles
  4 big kobolds
  25 bullfrogs
  A wyvern zombie (D:14)
  4 scorpions
  6 killer bees (D:9)
  An elephant simulacrum (IceCv)
  11 howler monkeys
  2 electric eels (Lair:1)
  9 crimson imps
  2 quasits
  A bullfrog zombie (D:12)
  4 centaur zombies
  31 orc priests
  2 draconian simulacra (IceCv)
  4 hounds
  6 jellies
  25 orc wizards
  2 bullfrog skeletons
  Terence (D:3)
  4 iguanas
  A troll simulacrum (IceCv)
  10 worker ants
  6 spriggan simulacra (IceCv)
  2 wolf simulacra (IceCv)
  3 hound skeletons
  A worker ant zombie (D:6)
  Robin (D:3)
  13 gnolls
  2 naga simulacra (IceCv)
  14 adders
  4 ogre simulacra (IceCv)
  2 ufetubi (IceCv)
  4 oozes
  An adder skeleton (D:10)
  2 adder zombies
  2 worms
  A dart slug (D:2)
  7 leopard geckos
  118 orcs
  2 ball pythons
  10 giant cockroaches
  15 goblins
  15 hobgoblins
  5 jackals
  8 quokkas
  16 bats
  12 frilled lizards
  24 kobolds
  6 rats
  2 fungi (Lair:2)
  A plant (D:4)
1007 creatures vanquished.

Vanquished Creatures (collateral kills)
  A hydra (D:10)
1 creature vanquished.

Vanquished Creatures (others)
  A naga sharpshooter (Snake:1)
  An elephant (Lair:5)
  A naga mage (Snake:2)
  4 humans (D:15)
  A phantom (D:10)
  3 centaurs (D:15)
  An orc wizard (D:4)
  A white imp (IceCv)
  2 ufetubi (IceCv)
  2 orcs
  2 bushes (Lair:6)
  26 fungi
  22 plants
67 creatures vanquished.

Grand Total: 1075 creatures vanquished

Notes
Turn   | Place    | Note
-------+----------+-------------------------------------------
     0 | D:1      | KarmaPolice the Halfling Hunter began the quest for the Orb.
     0 | D:1      | Reached XP level 1. HP: 14/14 MP: 1/1
    23 | D:1      | Reached XP level 2. HP: 19/19 MP: 2/2
   238 | D:1      | Reached skill level 1 in Short Blades
   314 | D:1      | Reached XP level 3. HP: 24/24 MP: 3/3
  1266 | D:2      | Reached XP level 4. HP: 24/30 MP: 4/4
  2291 | D:3      | Reached XP level 5. HP: 34/36 MP: 5/5
  2316 | D:3      | Noticed Robin
  2347 | D:3      | Noticed Terence
  2356 | D:3      | Killed Terence
  2796 | D:3      | Reached skill level 1 in Evocations
  2960 | D:3      | Killed Robin
  2960 | D:3      | Reached XP level 6. HP: 41/42 MP: 6/6
  3634 | D:4      | Reached XP level 7. HP: 41/46 MP: 8/8
  3733 | D:4      | Noticed a hippogriff
  3984 | D:4      | Found a staircase to the Ecumenical Temple.
  3989 | Temple   | Entered the Ecumenical Temple
  3999 | Temple   | Became a worshipper of Uskayaw the Reveler
  4113 | D:4      | Reached * piety under Uskayaw
  4123 | D:4      | Reached ** piety under Uskayaw
  4229 | D:4      | Reached *** piety under Uskayaw
  4231 | D:4      | Killed a hippogriff
  4603 | D:4      | Reached XP level 8. HP: 54/54 MP: 10/10
  4922 | D:4      | Reached skill level 5 in Short Blades
  4941 | D:5      | Entered Level 5 of the Dungeon
  4977 | D:5      | Found an ancient bone altar of Kikubaaqudgha.
  5029 | D:5      | Found a sacrificial altar of Ru.
  5106 | D:5      | Noticed Grinder
  5127 | D:5      | Paralysed by Grinder for 6 turns
  5134 | D:5      | Killed Grinder
  5152 | D:5      | Noticed a hippogriff
  5166 | D:5      | Killed a hippogriff
  5396 | D:5      | Reached XP level 9. HP: 60/60 MP: 12/12
  5572 | D:5      | Reached skill level 5 in Fighting
  5572 | D:5      | Reached skill level 1 in Invocations
  6392 | D:6      | Reached skill level 5 in Evocations
  6527 | D:6      | Identified Feonaej's Tome of Confrontation
  7220 | D:6      | Reached skill level 1 in Armour
  7326 | D:6      | Found an opulent altar of Gozag.
  8183 | D:6      | Reached skill level 2 in Armour
  8717 | D:6      | Reached skill level 3 in Armour
  8717 | D:6      | Reached XP level 10. HP: 64/69 MP: 13/13
  8742 | D:7      | Noticed Joseph
  9236 | D:7      | Found a white marble altar of Elyvilon.
  9371 | D:7      | Killed Joseph
  9377 | D:7      | Reached **** piety under Uskayaw
  9385 | D:7      | Reached skill level 4 in Armour
  9387 | D:7      | Reached ***** piety under Uskayaw
  9589 | D:7      | Found a shimmering altar of Xom.
  9594 | D:7      | Found a shimmering altar of Xom.
  9594 | D:7      | Found a stormy altar of Qazlal.
  9603 | D:7      | Found a white marble altar of Elyvilon.
  9603 | D:7      | Found a hide-covered altar of Uskayaw.
  9603 | D:7      | Found a bloodstained altar of Trog.
  9959 | D:7      | Found a snail-covered altar of Cheibriados.
 10117 | D:8      | Reached skill level 5 in Invocations
 10336 | D:8      | Reached skill level 5 in Dodging
 10394 | D:8      | Found Luust's Armour Shoppe.
 11743 | D:9      | Reached XP level 11. HP: 40/75 MP: 15/15
 11772 | D:9      | Found a flagged portal.
 12015 | Bailey   | Entered a bailey
 12065 | Bailey   | Reached ****** piety under Uskayaw
 14094 | D:10     | Entered Level 10 of the Dungeon
 14094 | D:10     | Noticed Fannar
 14128 | D:9      | Killed Fannar
 14129 | D:9      | Reached skill level 5 in Armour
 14515 | D:10     | Noticed a four-headed hydra
 14792 | D:10     | Found a staircase to the Lair.
 14906 | D:10     | Killed a four-headed hydra
 14906 | D:10     | Reached skill level 10 in Short Blades
 15124 | D:10     | Noticed an orc knight
 15475 | D:10     | Reached skill level 5 in Stealth
 15507 | D:10     | Found a staircase to the Orcish Mines.
 15548 | D:10     | Killed an orc knight
 15976 | D:11     | Reached XP level 12. HP: 67/84 MP: 17/17
 15980 | D:11     | Noticed Enish's ghost (novice TeAK)
 16105 | D:11     | Reached skill level 6 in Armour
 16298 | D:11     | Paralysed by a hornet for 2 turns
 16897 | Lair:1   | Entered Level 1 of the Lair of Beasts
 18479 | Lair:2   | Reached skill level 7 in Armour
 18941 | Orc:1    | Entered Level 1 of the Orcish Mines
 18941 | Orc:1    | Noticed Nergalle
 19055 | Orc:1    | Noticed Urug
 19083 | D:10     | Killed Nergalle
 19128 | D:10     | Upgraded the game from 0.19-a0-1886-gd64a0f0 to 0.19-a0-1899-g2d93087
 20287 | Lair:2   | Reached XP level 13. HP: 83/91 MP: 14/18
 20359 | Lair:2   | Noticed a six-headed hydra
 20375 | Lair:2   | Noticed an eight-headed hydra
 21132 | D:11     | Reached skill level 8 in Armour
 22469 | D:10     | Killed Urug
 22989 | D:10     | Reached skill level 10 in Fighting
 23355 | Orc:2    | Entered Level 2 of the Orcish Mines
 23355 | Orc:2    | Found a staircase to the Elven Halls.
 23736 | D:12     | Learned a level 3 spell: Confuse
 23740 | D:12     | Learned a level 3 spell: Tukima's Dance
 24896 | D:12     | Reached skill level 9 in Armour
 25463 | D:12     | Reached skill level 1 in Throwing
 26423 | Lair:1   | Killed a six-headed hydra
 27009 | Lair:2   | Killed an eight-headed hydra
 27669 | Lair:3   | Found a staircase to the Snake Pit.
 28281 | Lair:3   | Reached XP level 14. HP: 81/99 MP: 21/21
 29298 | Lair:4   | Got a warped chain mail
 29445 | Lair:3   | Identified the +8 chain mail of Apathy {rF+ rCorr} (You found it on level 4 of the Lair of Beasts)
 30097 | Lair:4   | Reached skill level 10 in Armour
 30193 | Lair:4   | Found a staircase to the Shoals.
 31383 | Lair:6   | Entered Level 6 of the Lair of Beasts
 32089 | Lair:5   | Found a staircase to the Slime Pits.
 33308 | Lair:5   | Reached skill level 10 in Evocations
 35297 | Lair:5   | Reached skill level 11 in Armour
 35486 | Lair:6   | Reached XP level 15. HP: 97/108 MP: 22/22
 37076 | Lair:6   | Reached skill level 12 in Armour
 37141 | Lair:6   | Got a wavering lead amulet
 37308 | Lair:6   | Identified the amulet of the Bull {Reflect +Blink rElec SH+5} (You found it on level 6 of the Lair of Beasts)
 38713 | D:12     | Reached skill level 1 in Shields
 39758 | D:14     | Found Japikeg's Food Shop.
 39850 | D:14     | Found Zuumed's General Store.
 39889 | D:14     | Bought a potion of degeneration for 14 gold pieces
 39889 | D:14     | Bought a scroll of immolation for 49 gold pieces
 39923 | D:14     | Found Ytaikhloe's General Store.
 39928 | D:14     | Bought a scroll of holy word for 142 gold pieces
 39928 | D:14     | Bought a scroll of fog for 38 gold pieces
 40063 | D:14     | Found a gate to the Vaults.
 40431 | D:14     | Found Hehupeo's General Store.
 40438 | D:14     | Bought a scroll of identify for 30 gold pieces
 40438 | D:14     | Bought the +2 pair of boots of Relativism {MR+++ Int-3 Dex-5 Slay+3} for 427 gold pieces
 40713 | D:14     | Bought 2 potions of ambrosia for 240 gold pieces
 40713 | D:14     | Bought a +3 demon blade for 480 gold pieces
 40792 | D:15     | Entered Level 15 of the Dungeon
 41082 | D:15     | Reached skill level 1 in Long Blades
 41315 | D:15     | Noticed Kirke
 41335 | D:15     | Killed Kirke
 41620 | D:15     | Reached XP level 16. HP: 108/115 MP: 23/23
 41624 | D:15     | Reached skill level 13 in Armour
 42021 | D:15     | Found a staircase to the Depths.
 43224 | Orc:1    | Reached skill level 5 in Shields
 43432 | Orc:2    | Reached skill level 10 in Invocations
 44455 | Orc:1    | Found Veocosil's Gadget Shop.
 44696 | Orc:1    | Noticed Gastronok
 44717 | Orc:1    | Killed Gastronok
 48161 | Orc:1    | Reached skill level 5 in Long Blades
 48692 | Orc:2    | Found Viexaitz's Antique Armour Shop.
 48693 | Orc:2    | Found Ytutterph's Antique Weapon Shop.
 48694 | Orc:2    | Found Keukkupt's General Store.
 48694 | Orc:2    | Found Sistil's Jewellery Boutique.
 48698 | Orc:2    | Bought a scroll of amnesia for 35 gold pieces
 48698 | Orc:2    | Bought a scroll of vulnerability for 75 gold pieces
 48923 | Orc:2    | Bought a glowing hat for 310 gold pieces
 48946 | Orc:2    | Bought a pitted ring mail for 279 gold pieces
 48956 | Orc:2    | Identified the cursed +1 ring mail of the Good {+Fly Str+4 Dex+4 Slay+2} (You bought it in a shop on level 2 of the Orcish Mines)
 49086 | Elf:1    | Entered Level 1 of the Elven Halls
 50016 | D:11     | Killed Enish's ghost
 50504 | Shoals:1 | Entered Level 1 of the Shoals
 50555 | Shoals:1 | Found a frozen archway.
 50582 | IceCv    | Entered an ice cave
 50910 | IceCv    | Reached skill level 14 in Armour
 50956 | IceCv    | Got a bound bronze ring
 52313 | IceCv    | Noticed an Ice Fiend
 52588 | IceCv    | Killed an Ice Fiend
 52588 | IceCv    | Reached XP level 17. HP: 22/121 MP: 25/25
 53216 | IceCv    | Identified the ring "Ippegycwis" {*Tele +Blink Str+3} (You found it in an ice cave)
 54299 | Snake:1  | Entered Level 1 of the Snake Pit
 55260 | Snake:1  | Identified the Incunabulum of Boosting Black Arts
 55371 | Snake:1  | Found Bur Joapp's Armour Boutique.
 56138 | Snake:1  | Found a glowing silver altar of Zin.
 56808 | Snake:2  | Noticed Donald
 56863 | Snake:2  | Killed Donald
 56972 | Snake:2  | Noticed Agnes
 58264 | Snake:2  | Reached skill level 15 in Armour
 58517 | Snake:2  | Killed Agnes
 59104 | Snake:2  | Reached XP level 18. HP: 130/130 MP: 27/27
 60486 | Snake:2  | HP: 4/130 [nagaraja/bolt of poison (22)]
 60487 | Snake:2  | Succumbed to a nagaraja's bolt of poison

Vault maps used:
D:1:      lemuel_arrival_lava_pool, serial_bayou_pond_b, minmay_lizard_king
D:2:      first_bread, kennysheep_generic_room_9
D:3:      uniq_terence, uniq_robin
D:4:      minmay_liquid_box, serial_bayou_lake_a
D:5:      kiku_gazebo_garden_becter, old_standard_altar, serial_bayou,
          serial_bayou_pond_d, serial_bayou_pond_c, serial_bayou_crossing,
          serial_bayou_pond_c, grunt_ministairs_11,
          hangedman_decor_diamond_cutter, hex_large, uniq_grinder
D:6:      grunt_gozag_statues
D:7:      elyvilon_altar_1, slow_altar_2, doesnt_xom_only_xom, uniq_joseph
D:8:      serial_shops, nicolae_shop_waterfront
D:9:      enter_bailey_2, nrook_mini_vaults, blue_anna_alchemist
D:10:     lemuel_flame_loot_2, erik_lair_orcish_takeover, orc_david_3,
          uniq_fannar
D:13:     serial_corexii_hall, corexii_hall_statues_i, corexii_hall_statues_t
D:14:     david_vaults_2, serial_shops, shop, shop, shop, nicolae_shop_crystal,
          minmay_misc_feat_enclosed
D:15:     hangedman_depths_entry_civil_slaughter, serial_park_avenue1,
          uniq_kirke
Temple:   regret_index_temple_sphere_string
Lair:1:   serial_bayou_shore_a
Lair:3:   minmay_snake_entry_guardpost_small
Lair:4:   elwin_shoals_entry_rocks, roderic_batcave, grunt_megastairs_5,
          serial_bayou_shore_b, lemuel_fruit_tree, lemuel_fruit_fields
Lair:5:   nicolae_slime_entry_slimehenge, grunt_forest_stairs_basic,
          nicolae_quartered_pool_super
Lair:6:   evilmike_catoblepas_cave, fungi_pond_lemuel, minmay_stone_trees_small,
          dpeg_oklob_1
Shoals:1: portal_ice_cave_entry_ice_statue_one
Snake:1:  serial_shops, nicolae_shop_stone, basic_altar
Snake:2:  nicolae_cobra_stairs, uniq_agnes, uniq_donald
Orc:1:    enter_volcano_2, serial_shops, nicolae_shop_stone, uniq_gastronok,
          uniq_nergalle, uniq_urug
Orc:2:    st_orc_congregation
Elf:1:    eino_elf_arrival_customs, minmay_elf_necromancy,
          nicolae_elf_big_sculpture_1, hangedman_research_quantum, uniq_nikola
Bailey:   bailey_polearm_4, bailey
IceCv:    ice_cave_caverns_03

Skill      XL: |  1  2  3  4  5  6  7  8  9 10 11 12 13 14 15 16 17 |
---------------+----------------------------------------------------+-----
Fighting       | 2 3 4 6 7 8 9 10 11 12 13 | 13.8
Slings         | 6 7 8 |  8.3
Short Blades   | 1 2 3 4 5 7 8 10 12 | 12.0
Dodging        | 3 5 7 8 9 |  9.1
Evocations     | 1 2 3 4 5 7 9 10 | 10.0
Stealth        | 2 4 5 6 8 |  8.0
Invocations    | 3 5 7 9 11 12 | 12.8
Armour         | 3 4 5 7 9 11 12 14 15 | 15.2
Throwing       | 1 |  1.7
Shields        | 4 5 |  5.6
Long Blades    | 2 6 8 |  8.5

Action                   |  1- 3 |  4- 6 |  7- 9 | 10-12 | 13-15 | 16-18 || total
-------------------------+-------+-------+-------+-------+-------+-------++-------
Melee: Short sword       |   139 |    30 |   130 |    27 |  1908 |  1640 ||  3874
       Dagger            |       |   191 |   273 |  1185 |   374 |       ||  2023
       Rapier            |       |       |       |   107 |       |       ||   107
       Demon blade       |       |       |       |       |    32 |   136 ||   168
 Fire: Hunting sling     |     1 |    28 |   137 |   305 |    81 |       ||   552
       Blowgun           |       |       |       |       |     8 |       ||     8
       Fustibalus        |       |       |       |       |    38 |   186 ||   224
Invok: Line Pass         |       |       |     3 |     7 |    15 |     4 ||    29
       Stomp             |       |       |       |       |     2 |     1 ||     3
 Abil: Evoke Blink       |       |       |       |       |     1 |       ||     1
       Evoke Flight      |       |       |       |       |       |     1 ||     1
Evoke: Wand              |       |       |     1 |     7 |    17 |     4 ||    29
       Phantom mirror    |       |       |       |     1 |       |       ||     1
       Fan of gales      |       |       |       |       |     2 |       ||     2
  Use: Scroll            |       |     4 |     3 |     4 |     7 |     5 ||    23
       Potion            |       |       |     1 |    14 |       |    13 ||    28
 Stab: Sleeping          |     1 |     4 |     2 |     7 |     7 |     1 ||    22
       Paralysed         |       |       |     2 |    33 |    81 |    65 ||   181
       Distracted        |       |       |     1 |     6 |     1 |     3 ||    11
       Invisible         |       |       |       |     6 |       |       ||     6
       Confused          |       |       |       |     2 |     5 |     1 ||     8
  Eat: Chunk             |     1 |     8 |    27 |    48 |    87 |    42 ||   213
       Pizza             |       |       |       |       |       |     2 ||     2
       Royal jelly       |       |       |       |       |       |     3 ||     3
       Fruit             |       |       |       |       |       |    12 ||    12
Armor: Leather armour    |    28 |    33 |    37 |       |       |       ||    98
       Steam dragon scal |       |       |     7 |   179 |   110 |       ||   296
       Chain mail        |       |       |       |       |   426 |   290 ||   716
       Ring mail         |       |       |       |       |       |    56 ||    56
Dodge: Dodged            |   118 |   181 |   172 |   859 |  1281 |   611 ||  3222
Block: Buckler           |       |       |       |       |   172 |   681 ||   853
       Reflection        |       |       |       |       |    13 |    45 ||    58
       Other             |       |       |       |       |     3 |       ||     3
       Rpst.: Demon blade |       |       |       |       |     1 |    11 ||    12
